TOP OF THE 1ST |
Valley Blue Sox batting - Pitching for Mancelona Torch : RHP Tomás Mata
|
Pitching: RHP Tomás Mata
|
|
Batting: RHB Dale Epner
|
0-0: Swinging Strike 0-1: Fly out, F8 (Flyball, 8LM)
|
Batting: RHB Dallas Jiménez
|
0-0: Ball 1-0: Ball 2-0: Ball 3-0: Base on Balls
|
Batting: LHB Luis Aranda
|
0-0: Called Strike 0-1: Ball 1-1: Called Strike 1-2: Strikes out looking
|
Batting: LHB Stuart Janssen
|
0-0: Ball 1-0: Called Strike Dallas Jiménez steals 2nd base 1-1: Reached on error, E6 (Groundball, 6) Dallas Jiménez scores
|
Batting: SHB Donnie Magee
|
0-0: Called Strike 0-1: Called Strike 0-2: Ball 1-2: Strikes out swinging
|
Top of the 1st over - 1 run, 0 hits, 1 error, 1 left on base; Valley 1 - Mancelona 0 |
BOTTOM OF THE 1ST |
Mancelona Torch batting - Pitching for Valley Blue Sox : LHP Gao Mar
|
Pitching: LHP Gao Mar
|
|
Batting: RHB Marty Aspen
|
0-0: Ball 1-0: Ball 2-0: Ball 3-0: Called Strike 3-1: Swinging Strike 3-2: Base on Balls
|
Batting: RHB Magtanggol Florencio
|
0-0: Ball 1-0: Called Strike 1-1: Foul Ball, location: 2F 1-2: Fly out, F8 (Flyball, 8LD)
|
Batting: LHB Basava Puri
|
0-0: Called Strike 0-1: Ball 1-1: Called Strike 1-2: Ball 2-2: Ball 3-2: Single, Error in OF, E7, batter to second base Marty Aspen to third
|
Batting: LHB Duncan Witteman
|
0-0: Ball 1-0: Ball 2-0: Ball 3-0: Called Strike 3-1: Foul Ball, location: 2F 3-2: Foul Ball, location: 2F 3-2: Foul Ball, location: 2F 3-2: Foul Ball, location: 2F 3-2: Ground out U3 (Groundball, 3L)
|
Batting: RHB Hjalmar Bisseling
|
0-0: Ball 1-0: Foul Ball, location: 2F 1-1: Fly out, F3 (Popup, 34)
|
Bottom of the 1st over - 0 runs, 1 hit, 1 error, 2 left on base; Valley 1 - Mancelona 0 |
TOP OF THE 2ND |
Valley Blue Sox batting - Pitching for Mancelona Torch : RHP Tomás Mata
|
Batting: LHB Walter Butler
|
0-0: Called Strike 0-1: Ball 1-1: Foul Ball, location: 2F 1-2: Ball 2-2: Ground out 6-3 (Groundball, 6)
|
Batting: RHB Grady Harris
|
0-0: Ball 1-0: Ball 2-0: Ball 3-0: Base on Balls
|
Batting: RHB Jon Huband
|
0-0: Ball 1-0: Ball 2-0: Ball 3-0: Called Strike 3-1: SINGLE (Flyball, 78S) Grady Harris to second
|
Batting: SHB Rich McElroy
|
0-0: Ball 1-0: Foul Ball, location: 2F 1-1: Ball Wild Pitch! Grady Harris to third Jon Huband to second 2-1: DOUBLE (Line Drive, 7LS) Grady Harris scores Jon Huband scores
|
Pinch Runner at 2nd Cisco Beltrán:
|
|
Batting: RHB Dale Epner
|
0-0: Ball 1-0: Ball 2-0: Ball 3-0: Called Strike 3-1: Called Strike 3-2: Foul Ball, location: 2F 3-2: Foul Ball, location: 2F 3-2: Foul Ball, location: 2F 3-2: Foul Ball, location: 2F 3-2: Ground out 1-3 (Groundball, 13) Cisco Beltrán to third
|
Batting: RHB Dallas Jiménez
|
0-0: Ball 1-0: Swinging Strike 1-1: Ball 2-1: Called Strike 2-2: Ball 3-2: Strikes out swinging
|
Top of the 2nd over - 2 runs, 2 hits, 0 errors, 1 left on base; Valley 3 - Mancelona 0 |
BOTTOM OF THE 2ND |
Mancelona Torch batting - Pitching for Valley Blue Sox : LHP Gao Mar
|
Now in RF: Cisco Beltrán
|
|
Batting: RHB Myles O'Cronin
|
0-0: Called Strike 0-1: Ball 1-1: Ball 2-1: Ground out 6-3 (Groundball, 6)
|
Batting: LHB Ed Holte
|
0-0: Ball 1-0: Called Strike 1-1: SINGLE (Groundball, 4D)
|
Batting: LHB Vasa Pantelic
|
0-0: Called Strike 0-1: Swinging Strike 0-2: Ball 1-2: Foul Ball, location: 2F 1-2: Ball 2-2: Strikes out swinging Ed Holte is caught stealing 2nd base Batter strikes out.
|
Bottom of the 2nd over - 0 runs, 1 hit, 0 errors, 0 left on base; Valley 3 - Mancelona 0 |
TOP OF THE 3RD |
Valley Blue Sox batting - Pitching for Mancelona Torch : RHP Tomás Mata
|
Batting: LHB Luis Aranda
|
0-0: Ball 1-0: Ball 2-0: Foul Ball, location: 2F 2-1: Foul Ball, location: 2F 2-2: Ball 3-2: SINGLE (Groundball, 4S) (infield hit)
|
Batting: LHB Stuart Janssen
|
0-0: Ball 1-0: DOUBLE (Line Drive, 78D) Luis Aranda to third
|
Batting: SHB Donnie Magee
|
0-0: Ball 1-0: Ball 2-0: Ball 3-0: Called Strike 3-1: Ground out 4-3 (Groundball, 4) Luis Aranda scores Stuart Janssen to third
|
Batting: LHB Walter Butler
|
0-0: Ball 1-0: Called Strike 1-1: Swinging Strike 1-2: Ground out 6-3 (Groundball, 6) Stuart Janssen scores
|
Batting: RHB Grady Harris
|
0-0: SINGLE (Groundball, 56S) (infield hit)
|
Batting: RHB Jon Huband
|
0-0: Called Strike 0-1: Ball 1-1: Ball 2-1: DOUBLE (Line Drive, 89D) Grady Harris to third Runner from 3rd tries for Home, SAFE, throw made at trailing runner, OUT at third!
|
Top of the 3rd over - 3 runs, 4 hits, 0 errors, 0 left on base; Valley 6 - Mancelona 0 |
BOTTOM OF THE 3RD |
Mancelona Torch batting - Pitching for Valley Blue Sox : LHP Gao Mar
|
Batting: LHB Charles Godard
|
0-0: SINGLE (Groundball, 34D)
|
Batting: RHB Marty Aspen
|
0-0: Ball 1-0: Called Strike 1-1: Swinging Strike 1-2: SINGLE (Line Drive, 4MD) Charles Godard to second
|
Batting: RHB Magtanggol Florencio
|
0-0: Ball 1-0: Swinging Strike 1-1: Swinging Strike 1-2: Ball 2-2: Lines into TRIPLE play, 5-4-3 (Line Drive, 5)
|
Bottom of the 3rd over - 0 runs, 2 hits, 0 errors, 0 left on base; Valley 6 - Mancelona 0 |
TOP OF THE 4TH |
Valley Blue Sox batting - Pitching for Mancelona Torch : RHP Tomás Mata
|
Batting: RHB Cisco Beltrán
|
0-0: Called Strike 0-1: SINGLE (Groundball, 56D)
|
Batting: RHB Dale Epner
|
0-0: Ball 1-0: Called Strike 1-1: Ball 2-1: Ball 3-1: SINGLE (Line Drive, 7LS) Cisco Beltrán to second
|
Batting: RHB Dallas Jiménez
|
0-0: Ball 1-0: Ball 2-0: Foul Ball, location: 2F 2-1: Ball 3-1: Foul Ball, location: 2F 3-2: Fly out, F7 (Flyball, 7S)
|
Batting: LHB Luis Aranda
|
0-0: Ball 1-0: SINGLE (Groundball, 34D) Cisco Beltrán to third Dale Epner to second Runner from 3rd tries for Home, SAFE, throw made home
|
Batting: LHB Stuart Janssen
|
0-0: Swinging Strike 0-1: Ball 1-1: Swinging Strike 1-2: Strikes out looking
|
Pitching: LHP Raúl Hinojosa
|
|
Batting: RHB Tonito Lamoste
|
0-0: Ball 1-0: Foul Ball, location: 2F 1-1: Ground out 5-3 (Groundball, 5S)
|
Top of the 4th over - 1 run, 3 hits, 0 errors, 2 left on base; Valley 7 - Mancelona 0 |
BOTTOM OF THE 4TH |
Mancelona Torch batting - Pitching for Valley Blue Sox : LHP Gao Mar
|
Now at 3B: Tonito Lamoste
|
|
Batting: LHB Basava Puri
|
0-0: Ball 1-0: Ball 2-0: TRIPLE (Line Drive, 9D)
|
Batting: LHB Duncan Witteman
|
0-0: Foul Ball, location: 2F 0-1: Fly out, F7 (Line Drive, 7)
|
Batting: RHB Hjalmar Bisseling
|
0-0: Ball 1-0: Fly out, F8 (Flyball, 89M) Runner from 3rd tags up, SCORES, throw made
|
Batting: RHB Myles O'Cronin
|
0-0: SINGLE (Groundball, 6MD)
|
Batting: LHB Ed Holte
|
Pickoff Throw to First - Out!
|
Bottom of the 4th over - 1 run, 2 hits, 0 errors, 0 left on base; Valley 7 - Mancelona 1 |
TOP OF THE 5TH |
Valley Blue Sox batting - Pitching for Mancelona Torch : LHP Raúl Hinojosa
|
Batting: LHB Walter Butler
|
0-0: Called Strike 0-1: Called Strike 0-2: Ball 1-2: Strikes out looking
|
Batting: RHB Grady Harris
|
0-0: Swinging Strike 0-1: Swinging Strike 0-2: SINGLE (Groundball, 25) (infield hit)
|
Batting: RHB Jon Huband
|
0-0: Foul Ball, location: 2F 0-1: Ball 1-1: Ball 2-1: Grounds into double play, 1-6-3 (Groundball, 13S)
|
Top of the 5th over - 0 runs, 1 hit, 0 errors, 0 left on base; Valley 7 - Mancelona 1 |
BOTTOM OF THE 5TH |
Mancelona Torch batting - Pitching for Valley Blue Sox : LHP Gao Mar
|
Batting: LHB Ed Holte
|
0-0: Called Strike 0-1: Ball 1-1: Foul Ball, location: 2F 1-2: Foul Ball, location: 2F 1-2: Foul Ball, location: 2F 1-2: Ball 2-2: Ground out 4-3 (Groundball, 4D)
|
Batting: LHB Vasa Pantelic
|
0-0: Swinging Strike 0-1: Foul Ball, location: 2F 0-2: Ball 1-2: Ground out 4-3 (Groundball, 4)
|
Batting: LHB Charles Godard
|
0-0: Fly out, F7 (Flyball, 78D)
|
Bottom of the 5th over - 0 runs, 0 hits, 0 errors, 0 left on base; Valley 7 - Mancelona 1 |
TOP OF THE 6TH |
Valley Blue Sox batting - Pitching for Mancelona Torch : LHP Raúl Hinojosa
|
Batting: RHB Cisco Beltrán
|
0-0: Swinging Strike 0-1: Foul Ball, location: 2F 0-2: Ball 1-2: Foul Ball, location: 2F 1-2: Ball 2-2: Ball 3-2: Strikes out looking
|
Batting: RHB Dale Epner
|
0-0: Ball 1-0: Ball 2-0: Called Strike 2-1: Called Strike 2-2: Foul Ball, location: 2F 2-2: Strikes out swinging
|
Batting: RHB Dallas Jiménez
|
0-0: Called Strike 0-1: Ball 1-1: Foul Ball, location: 2F 1-2: Ball 2-2: Ball 3-2: Ground out 5-3 (Groundball, 56S)
|
Top of the 6th over - 0 runs, 0 hits, 0 errors, 0 left on base; Valley 7 - Mancelona 1 |
BOTTOM OF THE 6TH |
Mancelona Torch batting - Pitching for Valley Blue Sox : LHP Gao Mar
|
Batting: RHB Marty Aspen
|
0-0: SINGLE (Groundball, 6D)
|
Batting: RHB Magtanggol Florencio
|
0-0: Called Strike 0-1: Called Strike 0-2: Ball 1-2: Ball 2-2: Ball 3-2: Base on Balls Marty Aspen to second
|
Batting: LHB Basava Puri
|
0-0: Ball 1-0: Called Strike 1-1: Fielders Choice at 2nd, 4-6 (Groundball, 4) Marty Aspen to third
|
Pitching: RHP Jesús Vásquez
|
|
Batting: LHB Duncan Witteman
|
0-0: Fly out, F8 (Flyball, 8LS) Runner from 3rd tags up, SCORES, no throw
|
Batting: RHB Hjalmar Bisseling
|
0-0: Swinging Strike 0-1: Fly out, F7 (Flyball, 7D)
|
Bottom of the 6th over - 1 run, 1 hit, 0 errors, 1 left on base; Valley 7 - Mancelona 2 |
TOP OF THE 7TH |
Valley Blue Sox batting - Pitching for Mancelona Torch : LHP Raúl Hinojosa
|
Batting: LHB Luis Aranda
|
0-0: Fly out, F9 (Flyball, 9LSF)
|
Batting: LHB Stuart Janssen
|
0-0: Ball 1-0: Ball 2-0: SOLO HOME RUN (Flyball, 9LD), Distance : 335 ft
|
Batting: RHB Tonito Lamoste
|
0-0: Ball 1-0: Foul Ball, location: 2F 1-1: Foul Ball, location: 2F 1-2: Ball 2-2: Ball 3-2: Foul Ball, location: 2F 3-2: Fly out, F3 (Line Drive, 34)
|
Batting: LHB Walter Butler
|
0-0: Foul Ball, location: 2F 0-1: Foul Ball, location: 2F 0-2: Ball 1-2: Ball 2-2: Ball 3-2: Foul Ball, location: 2F 3-2: Foul Ball, location: 2F 3-2: Ground out 6-3 (Groundball, 6)
|
Top of the 7th over - 1 run, 1 hit, 0 errors, 0 left on base; Valley 8 - Mancelona 2 |
BOTTOM OF THE 7TH |
Mancelona Torch batting - Pitching for Valley Blue Sox : RHP Jesús Vásquez
|
Batting: RHB Myles O'Cronin
|
0-0: Foul Ball, location: 2F 0-1: Ball 1-1: Ground out 3-1 (Groundball, 34S)
|
Batting: LHB Ed Holte
|
0-0: Called Strike 0-1: Swinging Strike 0-2: Foul Ball, location: 2F 0-2: Ball 1-2: Ball 2-2: Ground out 4-3 (Groundball, 34)
|
Batting: LHB Vasa Pantelic
|
0-0: Ball 1-0: Ball 2-0: Ball 3-0: Called Strike 3-1: Fly out, F7 (Flyball, 7)
|
Bottom of the 7th over - 0 runs, 0 hits, 0 errors, 0 left on base; Valley 8 - Mancelona 2 |
TOP OF THE 8TH |
Valley Blue Sox batting - Pitching for Mancelona Torch : LHP Raúl Hinojosa
|
Batting: RHB Grady Harris
|
0-0: Ball 1-0: Called Strike 1-1: Foul Ball, location: 2F 1-2: Ball 2-2: Ball 3-2: Ground out 4-3 (Groundball, 4)
|
Batting: RHB Jon Huband
|
0-0: Ball 1-0: Ball 2-0: Swinging Strike 2-1: Foul Ball, location: 2F 2-2: Fly out, F6 (Popup, 6D)
|
Batting: RHB Cisco Beltrán
|
0-0: Ball 1-0: Ball 2-0: Fly out, F8 (Flyball, 89D)
|
Top of the 8th over - 0 runs, 0 hits, 0 errors, 0 left on base; Valley 8 - Mancelona 2 |
BOTTOM OF THE 8TH |
Mancelona Torch batting - Pitching for Valley Blue Sox : RHP Jesús Vásquez
|
Batting: LHB Charles Godard
|
0-0: Called Strike 0-1: Called Strike 0-2: Ground out 1-3 (Groundball, 15S)
|
Batting: RHB Marty Aspen
|
0-0: Called Strike 0-1: SINGLE (Line Drive, 34)
|
Batting: RHB Magtanggol Florencio
|
0-0: Called Strike 0-1: Foul Ball, location: 2F 0-2: Ball 1-2: Ball 2-2: Grounds into double play, 6-4-3 (Groundball, 6)
|
Bottom of the 8th over - 0 runs, 1 hit, 0 errors, 0 left on base; Valley 8 - Mancelona 2 |
TOP OF THE 9TH |
Valley Blue Sox batting - Pitching for Mancelona Torch : LHP Raúl Hinojosa
|
Batting: RHB Dale Epner
|
0-0: Ball 1-0: Swinging Strike 1-1: DOUBLE (Groundball, 5L)
|
Batting: RHB Dallas Jiménez
|
0-0: Ball 1-0: Called Strike 1-1: Ball 2-1: Foul Ball, location: 2F 2-2: Ball 3-2: Foul Ball, location: 2F 3-2: Foul Ball, location: 2F 3-2: Foul Ball, location: 2F 3-2: Foul Ball, location: 2F 3-2: Foul Ball, location: 2F 3-2: Foul Ball, location: 2F 3-2: Foul Ball, location: 2F 3-2: Base on Balls
|
Batting: LHB Luis Aranda
|
0-0: Ball 1-0: Called Strike 1-1: Ball 2-1: Ball 3-1: Base on Balls Dale Epner to third Dallas Jiménez to second
|
Batting: LHB Stuart Janssen
|
0-0: Called Strike 0-1: Foul Ball, location: 2F 0-2: Ball 1-2: Ball 2-2: Fly out, F8 (Flyball, 8LD) Runner from 3rd tags up, SCORES, throw made
|
Batting: RHB Tonito Lamoste
|
0-0: Ball 1-0: Fielders Choice at 2nd, 3-6 (Groundball, 34) Dallas Jiménez to third
|
Pinch Hitting: RHB Júlio Hernández
|
0-0: Called Strike 0-1: Ball 1-1: Foul Ball, location: 2F 1-2: Ball 2-2: Ball 3-2: Foul Ball, location: 2F 3-2: Ground out 5-3 (Groundball, 5L)
|
Top of the 9th over - 1 run, 1 hit, 0 errors, 2 left on base; Valley 9 - Mancelona 2 |
BOTTOM OF THE 9TH |
Mancelona Torch batting - Pitching for Valley Blue Sox : RHP Jesús Vásquez
|
Now at C: Russell Porter
|
|
Batting: LHB Basava Puri
|
0-0: Ball 1-0: Ball 2-0: Foul Ball, location: 2F 2-1: Ball 3-1: Base on Balls
|
Batting: LHB Duncan Witteman
|
0-0: Ball 1-0: Foul Ball, location: 2F 1-1: Ball 2-1: Ball 3-1: Fly out, F7 (Flyball, 7S)
|
Batting: RHB Hjalmar Bisseling
|
0-0: Foul Ball, location: 2F 0-1: Ball 1-1: Ball 2-1: Foul Ball, location: 2F 2-2: Strikes out swinging
|
Batting: RHB Myles O'Cronin
|
0-0: Called Strike 0-1: Ball 1-1: Swinging Strike 1-2: SINGLE (Line Drive, 6D) Basava Puri to second
|
Batting: LHB Ed Holte
|
0-0: Called Strike 0-1: Foul Ball, location: 2F 0-2: Strikes out swinging
|
Bottom of the 9th over - 0 runs, 1 hit, 0 errors, 2 left on base; Valley 9 - Mancelona 2 |
|